 Dungeon Crawl Stone Soup version 0.30-a0-881-g1ff12e1e11 (webtiles) character file.

Game seed: 10562824201071774540

133905 pigah the Stormcaller (level 17, -11/148 HPs)
             Began as an Octopode Wanderer on Mar 14, 2023.
             Was an Initiate of Gozag.
             Mangled by a +3 dire flail of protection (17 damage)
             ... on level 2 of the Elven Halls.
             The game lasted 01:19:47 (34999 turns).

pigah the Stormcaller (Octopode Wanderer)          Turns: 34999, Time: 01:19:48

Health: -11/148    AC: 24    Str: 26    XL:     17   Next: 15%
Magic:  39/43      EV: 13    Int: 30    God:    Gozag
Gold:   1974       SH:  0    Dex: 11    Spells: 2/42 levels left

rFire   + + .      SeeInvis +      - Unarmed
rCold   + . .      Faith    .    (shield currently unavailable)
rNeg    . . .      Spirit   .    F - melded +3 hat of Pondering {ponderous, Will+ MP+10 Int+5}
rPois   +          Reflect  .    J - amulet of regeneration
rElec   +          Rampage  .    k - ring of magical power
rCorr   .                        r - +5 ring of evasion
Will    +....                    j - +4 ring of protection
Stlth   x                          - +4 ring of protection
HPRegen 1.24/turn                N - +6 ring of strength
MPRegen 0.28/turn                E - ring of Oriw {*Slow rElec rF+ Int+6 SInv}
                                 K - ring of protection from cold
                                 h - ring of ice

@: dragon-form, silenced, flying, hasted and slowed, studying Stealth
A: dragon claw, dragon scales, breathe fire, flying, boosted hp, almost no
armour, amphibious, 8 rings, giant, (camouflage 1), (gelatinous body 1), (nimble
swimmer 1), (tentacles), (tentacle spike 2)
a: Breathe Fire, End Transformation, Renounce Religion


You were on level 2 of the Elven Halls.
You worshipped Gozag.
Gozag was most pleased with you.
You were a fearsome dragon!
You visited 5 branches of the dungeon, and saw 25 of its levels.
You also visited: Ice Cave.

You collected 8891 gold pieces.
You spent 2242 gold pieces at shops.
You paid 4675 gold pieces to Gozag.

Inventory:

Missiles
 L - 3 curare-tipped darts
Armour
 F - the +3 hat of Pondering (melded) {ponderous, Will+ MP+10 Int+5}
   (You took it off Gastronok on level 2 of the Lair of Beasts)

   Int:       It affects your intelligence (+5).
   MP:        It affects your magic capacity (+10).
   Will:      It increases your willpower.
Magical Staves
 X - a staff of air
Jewellery
 h - a ring of ice (on tentacle)
 j - a +4 ring of protection (on tentacle)
 k - a ring of magical power (left foreclaw)
 r - a +5 ring of evasion (right foreclaw)
 x - a +4 ring of protection (on tentacle)
 E - the ring of Oriw (on tentacle) {*Slow rElec rF+ Int+6 SInv}
   (You bought it in a shop on level 2 of the Lair of Beasts)

   [ring of intelligence]

   Int:       It affects your intelligence (+6).
   rF:        It protects you from fire.
   rElec:     It insulates you from electricity.
   SInv:      It lets you see invisible.
   *Slow:     It may slow you when you take damage.
 I - an amulet of reflection
 J - an amulet of regeneration (around neck)
 K - a ring of protection from cold (on tentacle)
 N - a +6 ring of strength (on tentacle)
 Q - a ring of flight
Wands
 n - a wand of flame (24)
 q - a wand of iceblast (11)
 s - a wand of paralysis (12)
 v - a wand of acid (7)
 y - a wand of mindburst (17)
 R - a wand of polymorph (9)
Scrolls
 a - 7 scrolls of identify
 b - 2 scrolls of enchant weapon
 c - 2 scrolls of butterflies
 d - 2 scrolls of fog
 e - 3 scrolls of immolation
 g - 2 scrolls of fear
 i - a scroll of vulnerability
 o - a scroll of amnesia
 t - a scroll of silence
 z - a scroll of torment
 C - 9 scrolls of poison
 S - a scroll of brand weapon {unknown}
 T - 3 scrolls of teleportation
 U - 2 scrolls of magic mapping
 W - a scroll of blinking
 Y - a scroll of enchant armour
Potions
 f - a potion of attraction
 l - 2 potions of mutation
 m - 6 potions of flight
 p - a potion of cancellation
 u - 2 potions of invisibility
 w - a potion of haste
 A - 6 potions of degeneration
 B - 4 potions of heal wounds
 D - 3 potions of brilliance
 G - 6 potions of curing
 M - 5 potions of magic
 O - a potion of ambrosia
 P - 2 potions of lignification
Miscellaneous
 H - a lightning rod (4/4)
 V - a condenser vane


   Skills:
 * Level 3.7 Fighting
 - Level 2.0 Maces & Flails
 + Level 4.4 Dodging
 + Level 9.1 Unarmed Combat
 + Level 13.2 Spellcasting
 * Level 7.7 Conjurations
 + Level 15.3 Transmutations
 - Level 4.0 Ice Magic
 * Level 18.2 Air Magic
 - Level 3.0 Poison Magic


You had 2 spell levels left.
You knew the following spells:

 Your Spells              Type           Power      Damage    Failure   Level
a - Sting                 Tmut/Pois      100%       1d8       1%          1
b - Ignite Poison         Fire/Tmut/Pois 54%        N/A       1%          3
c - Airstrike             Air            46%        2d(7-23)  0%          4
d - Dragon Form           Tmut           42%        N/A       3%          7
f - Spider Form           Tmut/Pois      66%        N/A       1%          3
h - Blade Hands           Tmut           42%        N/A       1%          5
i - Freezing Cloud        Conj/Ice/Air   44%        6-21      1%          5
l - Lightning Bolt        Conj/Air       39%        1d57      1%          5
q - Silence               Hex/Air        32%        N/A       1%          5
w - Wereblood             Tmut           84%        N/A       0%          2

Your spell library contained the following spells:

 Spells                   Type           Power      Damage    Failure   Level
 Beastly Appendage        Tmut           100%       N/A       0%          1
 Cigotuvi's Dreadful Rot  Necr/Pois/Air  100%       N/A       1%          2
 Lesser Beckoning         Tloc           38%        N/A       3%          2
 Sublimation of Blood     Necr           19%        N/A       3%          2
 Kindle Blastsparks       Fire/Tloc/Air  100%       2d18      1%          3
 Petrify                  Tmut/Erth      60%        N/A       1%          4
 Summon Lightning Spire   Summ/Air       65%        N/A       1%          4
 Irradiate                Conj/Tmut      36%        3d23      1%          5
 Gell's Gravitas          Tloc           19%        N/A       8%          3
 Portal Projectile        Hex/Tloc       38%        N/A       8%          3
 Summon Guardian Golem    Hex/Summ       19%        N/A       8%          3
 Teleport Other           Tloc           19%        N/A       8%          3
 Tukima's Dance           Hex            19%        N/A       8%          3
 Summon Ice Beast         Ice/Summ       47%        N/A       11%         4
 Cause Fear               Hex            9%         N/A       26%         4
 Dispel Undead            Necr           19%        3d11      26%         4
 Passage of Golubria      Tloc           19%        N/A       26%         4
 Summon Mana Viper        Hex/Summ       19%        N/A       56%         5
 Orb of Destruction       Conj           30%        9d10      65%         7
 Death Channel            Necr           9%         N/A       98%         6
 Spellforged Servitor     Conj/Summ      21%        N/A       99%         7
 Haunt                    Necr/Summ      9%         N/A       100%        7
 Monstrous Menagerie      Summ           9%         N/A       100%        7
 Infestation              Necr           9%         N/A       100%        8
 Lehudib's Crystal Spear  Conj/Erth      21%        10d6      100%        8
 Chain Lightning          Conj/Air       39%        3d52      100%        9
 Dragon's Call            Summ           9%         N/A       100%        9
 Fire Storm               Conj/Fire      21%        8d6       100%        9
 Shatter                  Erth           9%         3d11*     100%        9
 Animate Dead             Necr           Unusable   N/A       N/A         4

Dungeon Overview and Level Annotations

Branches:
Dungeon (15/15)            Temple (1/1) D:5            Lair (5/5) D:9
 Shoals (0/4) Lair:3       Spider (0/4) Lair:2        Slime (0/5) Lair:4
    Orc (2/2) D:12            Elf (2/3) Orc:2        Vaults (0/5) D:13
 Depths (0/4) D:15          IceCv (visited)

Altars:
Ashenzari
Cheibriados
Dithmenos
Elyvilon
Fedhas
Gozag
Makhleb
Nemelex Xobeh
Okawaru
Qazlal
Ru
Sif Muna
Trog
Vehumet
Xom
Zin
The Shining One

Shops:
D:2 !   D:14 (   D:15 :   Orc:2 (*!!::   Elf:2 (   Lair:2 =!

Portals:
Abyss: D:13

Annotations:
D:13 2 transporters, Rudyous's ghost, journeyman GnAE


Innate Abilities, Weirdness & Mutations

You are a fearsome dragon!
You have a powerful clawing attack.
Your giant scaled body is strong and resiliant, but less evasive.
You can breathe fire.
You are flying.
Your maximum health is greatly increased.
Your armour is entirely melded.
You are incapable of wielding weapons or throwing items.
You cannot wear most types of armour.
You are amphibious.
You can wear up to eight rings at the same time.
((Your skin changes colour to match your surroundings (Stealth+).))
((Your rubbery body absorbs attacks. (AC +1, EV +1)))
((You are camouflaged when in or above water. (Stealth+)))
((You have tentacles for arms and can constrict up to eight enemies at once.))
((One of your tentacles bears a nasty spike.))


Message History

The +0 halberd of flaming hits you!! The +0 halberd of flaming burns you.
The +3 dire flail of protection hits you!
* * * LOW HITPOINT WARNING * * *
The +0 halberd of flaming hits you!
* * * LOW HITPOINT WARNING * * *
The +0 halberd of flaming burns you.
* * * LOW HITPOINT WARNING * * *
Unknown command.
You closely miss the +3 dire flail of protection.
You tail-slap the +3 dire flail of protection, but do no damage.
Your bite misses the +3 dire flail of protection.
The +3 dire flail of protection hits you but does no damage.
The +0 halberd of flaming hits you!
* * * LOW HITPOINT WARNING * * *
The +0 halberd of flaming burns you.
* * * LOW HITPOINT WARNING * * *
The +3 dire flail of protection hits you.
* * * LOW HITPOINT WARNING * * *
Okay, then.
You feel much better. The +0 halberd of flaming hits you!
* * * LOW HITPOINT WARNING * * *
The +3 dire flail of protection closely misses you.
The +0 halberd of flaming is distracted by your dazzling golden aura.
The +3 dire flail of protection hits you!!
* * * LOW HITPOINT WARNING * * *
The deep elf pyromancer hits you but does no damage.
You feel much better.
The +3 dire flail of protection hits you but does no damage.
The +3 dire flail of protection hits you!
* * * LOW HITPOINT WARNING * * *
The deep elf pyromancer hits you but does no damage.
The +3 dire flail of protection hits you.
* * * LOW HITPOINT WARNING * * *
You feel yourself speed up.
The +3 dire flail of protection hits you!
* * * LOW HITPOINT WARNING * * *
The deep elf pyromancer hits you but does no damage.
The +3 dire flail of protection hits you!
You die...
Your body crumbles into a pile of gold.

##.........##∩##
'e.........#.≈#
#..........#.≈#
##.......###>##
##.....#'##
##...###.# ##'##
### ###e###
#.D$$.#
#.((....#
#.........#
#...........#
#...........#
.'...........#
###...........#
#...........#


You could see a deep elf pyromancer and 2 dancing weapons.

Vanquished Creatures
  An Ice Fiend (IceCv)
  Jorgrun (Orc:2)
  Gastronok (Lair:2)
  The ghost of Rafrunar the Destroyer, a journeyman DsEE of Vehumet (D:15)
  A deep elf sorcerer (Elf:2)
  An orc warlord (Orc:2)
  A very ugly thing (Elf:1)
  A deep elf annihilator (D:13)
  2 deep elf death magi (Elf:1)
  2 fire dragons
  2 ettins
  A caustic shrike simulacrum (IceCv)
  3 hydras
  A catoblepas (Lair:5)
  9 death yaks
  3 two-headed ogres
  2 centaur warriors
  4 tengu warriors (D:15)
  8 dancing weapons
  An orc high priest (Orc:2)
  7 deep elf knights
  Nergalle (D:11)
  2 skysharks
  A deep troll (D:13)
  8 deep elf archers
  A bog body (IceCv)
  14 deep elf zephyrmancers
  A wizard (D:15)
  An obsidian statue (IceCv)
  2 lindwurms
  2 phantasmal warriors
  12 deep elf pyromancers
  2 necromancers
  4 spriggan simulacra (IceCv)
  An orc knight (Orc:1)
  7 orc sorcerers
  30 ugly things
  4 manticores
  5 cyclopes
  6 black mambas
  15 elephants
  Joseph (D:8)
  A torpor snail (Lair:5)
  3 molten gargoyles (Lair:5)
  2 gargoyles
  10 cane toads
  3 rime drakes
  6 kobold demonologists
  14 komodo dragons
  An efreet (D:14)
  3 tengu conjurers
  4 ice devils (IceCv)
  7 freezing wraiths (IceCv)
  7 trolls
  A hornet (D:9)
  6 polar bears
  10 dream sheep
  24 blink frogs
  15 slime creatures
  2 shadows
  An air elemental (Elf:1)
  31 yaks
  5 wyverns
  5 fire elementals
  3 water elementals (Elf:1)
  5 basilisks
  A dire elephant simulacrum (IceCv)
  3 wraiths
  A human (Lair:5)
  5 steam dragons
  4 minotaur simulacra (IceCv)
  10 vampire mosquitoes
  A harpy simulacrum (IceCv)
  A swamp worm (shapeshifter) (Elf:1)
  A warg (Orc:1)
  2 acid dragons
  15 water moccasins
  A hydra simulacrum (IceCv)
  5 hell hounds (Lair:5)
  4 black bears
  27 orc warriors
  An ettin simulacrum (IceCv)
  4 ice beasts
  2 elephant zombies (Lair:3)
  3 sky beasts
  An ogre (Orc:2)
  6 centaurs
  25 wolves
  A phantom (D:6)
  9 kobold brigands
  2 komodo dragon zombies (Lair:3)
  14 bullfrogs
  4 earth elementals
  3 deep troll simulacra (IceCv)
  5 scorpions
  A wight (D:8)
  15 killer bees
  2 lindwurm simulacra (IceCv)
  4 electric eels
  9 howler monkeys
  6 lava snakes
  A hound (D:6)
  A basilisk zombie (Lair:3)
  23 orc priests
  4 iguanas
  2 sleepcaps
  33 orc wizards
  A yak simulacrum (Lair:2)
  2 polar bear simulacra (Lair:2)
  6 wolf simulacra (Lair:2)
  A mummy (D:10)
  7 gnolls
  10 adders
  A shadow imp (D:4)
  A white imp (D:7)
  4 worms
  3 dart slugs (D:1)
  72 orcs
  3 ball pythons
  4 endoplasms
  4 giant cockroaches
  7 goblins
  10 hobgoblins
  4 jackals (D:1)
  3 quokkas
  2 bats
  4 frilled lizards
  36 kobolds
  6 rats
  2 river rat simulacra (Lair:2)
797 creatures vanquished.

Vanquished Creatures (others)
  A hydra (Lair:5)
  A wizard (D:13)
  26 fungi
  42 plants
  3 toadstools (D:1)
73 creatures vanquished.

Grand Total: 870 creatures vanquished

Notes
Turn   | Place    | Note
-------+----------+-------------------------------------------
     0 | D:1      | pigah the Octopode Wanderer began the quest for the Orb.
     0 | D:1      | pigah set off with the following items: a +1 mace, a potion
                  | of might; and the following spell memorised: Sting; and the
                  | following spells available to memorise: Ignite Poison,
                  | Petrify.
     0 | D:1      | Reached XP level 1. HP: 13/13 MP: 2/2
   119 | D:1      | Found a faded altar of an unknown god.
   327 | D:1      | Reached skill level 1 in Unarmed Combat
   327 | D:1      | Reached XP level 2. HP: 18/18 MP: 0/3
   861 | D:1      | Reached XP level 3. HP: 23/23 MP: 1/5
  1728 | D:2      | Learned a level 3 spell: Ignite Poison
  1979 | D:2      | Found Fagyogu's Distillery.
  2138 | D:2      | Reached XP level 4. HP: 24/28 MP: 1/6
  3552 | D:4      | Noticed a scorpion
  3559 | D:4      | Killed a scorpion
  3560 | D:4      | Reached skill level 1 in Poison Magic
  3560 | D:4      | Reached XP level 5. HP: 25/33 MP: 3/8
  3564 | D:4      | Learned a level 3 spell: Spider Form
  3648 | D:4      | Identified the +0 long sword of Taihaew {heavy, rPois rC-
                  | rN+}
  4547 | D:4      | Noticed a black bear
  4587 | D:4      | Killed a black bear
  4588 | D:4      | Reached XP level 6. HP: 38/38 MP: 0/9
  4804 | D:5      | Entered Level 5 of the Dungeon
  5231 | D:5      | Found a staircase to the Ecumenical Temple.
  5246 | Temple   | Entered the Ecumenical Temple
  5254 | Temple   | Became a worshipper of Gozag Ym Sagoz the Greedy
  5476 | D:5      | Reached XP level 7. HP: 44/44 MP: 11/11
  5935 | D:5      | Found a sacrificial altar of Ru.
  6223 | D:6      | Gained mutation: One of your tentacles bears a spike.
                  | [potion of mutation]
  6223 | D:6      | Gained mutation: One of your tentacles bears a nasty spike.
                  | [potion of mutation]
  6842 | D:6      | Reached XP level 8. HP: 46/50 MP: 13/13
  6919 | D:6      | Reached skill level 5 in Unarmed Combat
  7543 | D:6      | Found a shimmering blue altar of Sif Muna.
  7920 | D:7      | Found a burning altar of Makhleb.
  7920 | D:7      | Found a shimmering altar of Xom.
  7920 | D:7      | Found a sparkling altar of Nemelex Xobeh.
  7920 | D:7      | Noticed a gargoyle
  7920 | D:7      | Noticed a cyclops
  8214 | D:7      | Learned a level 4 spell: Airstrike
  8253 | D:7      | Reached skill level 1 in Air Magic
  8321 | D:7      | Noticed a yak
  8325 | D:7      | Noticed a yak
  8336 | D:7      | Noticed a yak
  8337 | D:7      | Killed a yak
  8337 | D:7      | Noticed a yak
  8338 | D:7      | Reached skill level 3 in Air Magic
  8338 | D:7      | Reached XP level 9. HP: 54/55 MP: 15/15
  8357 | D:6      | Reached skill level 4 in Air Magic
  8571 | D:7      | Reached skill level 5 in Air Magic
  8771 | D:7      | Reached skill level 6 in Air Magic
  9016 | D:7      | Learned a level 2 spell: Wereblood
  9081 | D:7      | Found a transporter.
  9095 | D:7      | Found a transporter.
  9452 | D:8      | Reached skill level 1 in Conjurations
  9452 | D:8      | Reached skill level 1 in Ice Magic
  9688 | D:8      | Noticed Joseph
  9699 | D:8      | Killed Joseph
  9798 | D:8      | Reached XP level 10. HP: 61/61 MP: 16/16
 10585 | D:8      | Reached skill level 7 in Air Magic
 11284 | D:9      | Noticed a two-headed ogre
 11502 | D:9      | Found a staircase to the Lair.
 11837 | D:9      | Reached skill level 8 in Air Magic
 12173 | D:9      | Reached skill level 5 in Spellcasting
 12250 | D:9      | Killed a two-headed ogre
 12525 | D:9      | Noticed a two-headed ogre
 12693 | D:9      | Reached skill level 9 in Air Magic
 13012 | D:9      | Killed a two-headed ogre
 13013 | D:9      | Reached XP level 11. HP: 65/65 MP: 11/20
 13203 | D:10     | Entered Level 10 of the Dungeon
 13311 | D:10     | Found a snail-covered altar of Cheibriados.
 13686 | D:10     | Reached skill level 10 in Air Magic
 14162 | D:9      | Learned a level 5 spell: Freezing Cloud
 14305 | D:10     | Found a broken altar of Ashenzari.
 14462 | D:10     | Found a white marble altar of Elyvilon.
 14557 | D:10     | Noticed a two-headed ogre
 14572 | D:10     | Killed a two-headed ogre
 14849 | Lair:1   | Entered Level 1 of the Lair of Beasts
 15381 | Lair:1   | Reached skill level 11 in Air Magic
 16350 | Lair:2   | Reached XP level 12. HP: 63/72 MP: 16/24
 16357 | Lair:2   | Reached skill level 12 in Air Magic
 16447 | Lair:2   | Bought a potion of haste for 120 gold pieces
 16449 | Lair:2   | Bought the ring of Oriw {*Slow rElec rF+ Int+6 SInv} for
                  | 611 gold pieces
 16592 | Lair:2   | Noticed Gastronok
 16611 | Lair:2   | Killed Gastronok
 17034 | Lair:2   | Found a hole to the Spider Nest.
 17668 | Lair:3   | Noticed a five-headed hydra
 17674 | Lair:3   | Killed a five-headed hydra
 17889 | Lair:3   | Reached skill level 13 in Air Magic
 18557 | Lair:3   | Noticed a death yak
 18559 | Lair:3   | Noticed a death yak
 18559 | Lair:3   | Noticed a death yak
 18713 | Lair:3   | Reached XP level 13. HP: 76/76 MP: 26/26
 18733 | Lair:3   | Reached skill level 14 in Air Magic
 18736 | Lair:3   | Reached skill level 10 in Spellcasting
 18870 | Lair:3   | Found a staircase to the Shoals.
 20110 | Lair:4   | Reached skill level 15 in Air Magic
 20237 | Lair:4   | Found a staircase to the Slime Pits.
 20456 | Lair:4   | Found a glowing golden altar of the Shining One.
 20678 | Lair:4   | Learned a level 5 spell: Lightning Bolt
 20986 | Lair:5   | Entered Level 5 of the Lair of Beasts
 21405 | Lair:5   | Reached XP level 14. HP: 78/81 MP: 3/29
 21682 | Lair:5   | Reached skill level 16 in Air Magic
 23014 | Lair:5   | Found a large runed translucent door.
 23014 | Lair:5   | Found a large runed translucent door.
 23201 | Lair:5   | Learned a level 5 spell: Blade Hands
 23721 | Lair:5   | Found a runed translucent door.
 24195 | D:11     | Reached skill level 17 in Air Magic
 25082 | D:11     | Noticed Nergalle
 25088 | D:11     | Killed Nergalle
 25517 | D:12     | Identified the +9 war axe of Icsac {flame, Fly Dex+3 SInv}
 25608 | D:12     | Found a staircase to the Orcish Mines.
 25636 | D:12     | Reached XP level 15. HP: 88/88 MP: 3/31
 26723 | Orc:1    | Entered Level 1 of the Orcish Mines
 27580 | Orc:1    | You fall into a shaft and drop 1 floor!
 27580 | Orc:2    | Entered Level 2 of the Orcish Mines
 28086 | Orc:2    | Noticed Jorgrun
 28095 | Orc:2    | Killed Jorgrun
 28397 | Orc:2    | Reached skill level 18 in Air Magic
 28812 | Orc:2    | Found a staircase to the Elven Halls.
 28879 | Orc:2    | Found Tisiu's Book Boutique.
 28879 | Orc:2    | Found Aceuninn's Distillery.
 28880 | Orc:2    | Found Duss's Assorted Antiques.
 28914 | Orc:2    | Found Gevuabuc's Distillery.
 29057 | Orc:2    | Bought a potion of heal wounds for 75 gold pieces
 29057 | Orc:2    | Bought a potion of magic for 120 gold pieces
 29059 | Orc:2    | Bought a potion of heal wounds for 60 gold pieces
 29059 | Orc:2    | Bought a potion of heal wounds for 60 gold pieces
 29059 | Orc:2    | Bought a potion of lignification for 36 gold pieces
 29169 | Orc:2    | Noticed an orc warlord
 29233 | Orc:2    | Killed an orc warlord
 29488 | Orc:2    | Found Ozoumoo's Antique Weapon Boutique.
 29638 | Orc:2    | Bought a book of Transfigurations for 480 gold pieces
 29646 | Orc:2    | Learned a level 7 spell: Dragon Form
 30145 | D:13     | Noticed Rudyous's ghost (journeyman GnAE)
 30158 | D:13     | Found a transporter.
 30176 | D:13     | Found a one-way gate to the infinite horrors of the Abyss.
 30211 | D:13     | Found a transporter.
 30691 | D:13     | Found a gate to the Vaults.
 30798 | D:14     | Reached skill level 10 in Transmutations
 31063 | D:14     | Found Itom Sim's Weapon Shop.
 31519 | D:15     | Entered Level 15 of the Dungeon
 31608 | D:15     | Found a radiant altar of Vehumet.
 31675 | D:15     | Reached XP level 16. HP: 93/93 MP: 25/33
 32113 | D:15     | Reached skill level 5 in Conjurations
 32173 | D:15     | Found a staircase to the Depths.
 32253 | D:15     | Found a large runed translucent door.
 32253 | D:15     | Found a large runed translucent door.
 32255 | D:15     | Noticed Rafrunar's ghost (journeyman DsEE)
 32265 | D:15     | Killed Rafrunar's ghost
 32288 | D:15     | Identified the +1 long sword of a treasure trove {heavy,
                  | rC+ rN+ Str-2 Dex+2}
 32541 | D:15     | Bought a book of the Moon for 680 gold pieces
 32547 | D:15     | Learned a level 5 spell: Silence
 32689 | Elf:1    | Entered Level 1 of the Elven Halls
 32693 | Elf:1    | Paralysed by an air elemental for 1 turns
 33073 | Elf:1    | Found a frozen archway.
 33232 | IceCv    | Entered an ice cave
 33718 | IceCv    | Noticed an Ice Fiend
 33725 | IceCv    | Killed an Ice Fiend
 34475 | Elf:1    | Reached skill level 15 in Transmutations
 34486 | Elf:1    | Reached XP level 17. HP: 98/98 MP: 34/34
 34957 | Elf:2    | Found Vizeer's Antique Weapon Boutique.
 34997 | Elf:2    | HP: 5/148 [+3 dire flail of protection (20)]
 34999 | Elf:2    | Mangled by a +3 dire flail of protection

Illustrated notes

Levels and vault maps discovered:
D:1:      psy_arrival_fountain, layout_basic, shapermc_ecumenical_altar_ellora,
          serial_co_window_serial, co_window_paths_b,
          co_window_of_opportunity_a, co_window_corner_a, co_window_paths_a,
          co_window_paths_b, co_window_2corner, co_window_corner_b,
          co_window_broadway_a, co_window_4corner_a, co_window_paths_e,
          glass_columns_a, minmay_gold_behind_fungi, minmay_misc_feat_columns,
          chequers_serial_rivers_micro_c, hangedman_decor_peaks_small
D:2:      layout_basic, serial_shops, shop_fountains
D:3:      layout_basic
D:4:      layout_cave_pods
D:5:      layout_cave_pods, mainiacjoe_overflow_surrounded_room,
          minmay_temple_entry_proselytizer
D:6:      layout_basic, led_sif_pool
D:7:      layout_basic, gammafunk_temple_overflow_arena
D:8:      layout_loops_ring, minmay_manual_monstrance, uniq_joseph
D:9:      layout_irregular_city, lair_entry_dummy, grunt_decor_junction,
          grunt_ministairs_4
D:10:     layout_irregular_city, nicolae_ashenzari_panopticon,
          nicolae_elyvilon_temple_path, slow_altar_1
D:11:     layout_basic, grunt_ministairs_10, uniq_nergalle
D:12:     layout_cave_pools, minmay_orc_entry_temple_small, minivault_12
D:13:     minmay_glassy_protrusions, layout_rooms, david_vaults_4,
          gammafunk_ghost_abyssal_escape, gauntlet_entry_generic
D:14:     layout_gridville, serial_shops, nicolae_shop_bloodbath_and_beyond,
          corexii_corridor_pit
D:15:     hangedman_depths_entry_civil_slaughter, layout_basic,
          ebering_ghost_disaster_area, vehumet_crystals,
          roderic_nine_men_s_morris, kb_tengu_band
Temple:   nicolae_temple_two_arcs
Lair:1:   layout_long_grid, wad_woods_road_02
Lair:2:   layout_chaotic_city, nicolae_spider_entry_non_spiders,
          eino_house_with_fridge, grunt_megastairs_2, uniq_gastronok
Lair:3:   pond_and_an_island_with_a_cottage, layout_small_grid,
          minmay_shoals_entry_centaurs
Lair:4:   layout_misc_corridors, slime_entry_1, basic_altar,
          gammafunk_lair_bear_cave
Lair:5:   cheibrodos_lair_end_hotspot, layout_big_grid,
          pdpol_lair_cabin_in_the_woods, infiniplex_staircase_pool
Orc:1:    layout_caves, basic_altar, mines1_david
Orc:2:    st_orc_mages, layout_caves, serial_shops, nicolae_shop_hallway_plus,
          uniq_jorgrun
Elf:1:    minmay_elf_arrival_circle, layout_loops_cross,
          portal_ice_cave_entry_ugly_swarm, minivault_28
Elf:2:    nicolae_elf_blades_splatter_lattice [nicolae_blade_entry_antechamber],
          layout_geoelf_octagon, serial_shops, shop, shop,
          nicolae_shop_hallway_stairs, ebering_ghost_reflecting_pool,
          uniq_louise

Skill      XL: |  1  2  3  4  5  6  7  8  9 10 11 12 13 14 15 16 17 |
---------------+----------------------------------------------------+-----
Unarmed Combat | 1 2 3 4 6 7 8 9 |  9.1
Spellcasting   | 2 3 4 6 8 9 11 12 13 | 13.2
Poison Magic   | 1 2 3 |  3.0
Transmutations | 6 7 8 11 15 | 15.3
Fighting       | 2 3 |  3.7
Dodging        | 2 3 4 |  4.4
Air Magic      | 3 6 9 11 13 15 17 18 | 18.2
Conjurations   | 3 4 7 |  7.7
Ice Magic      | 3 4 |  4.0
Maces & Flails | |  2.0

Action                     |  1- 3 |  4- 6 |  7- 9 | 10-12 | 13-15 | 16-18 || total
---------------------------+-------+-------+-------+-------+-------+-------++-------
  Melee: Mace              |    21 |    12 |       |       |       |       ||    33
         Constrict         |     7 |     3 |     2 |    15 |    30 |     5 ||    62
         Tentacles         |     6 |     2 |     4 |    29 |    34 |    12 ||    87
         Unarmed           |       |    21 |   182 |   229 |   302 |   267 ||  1001
         Punch             |       |     1 |     1 |     8 |    17 |    22 ||    49
         Kick              |       |       |     1 |    40 |    56 |    15 ||   112
         Tailslap          |       |       |       |       |    12 |    43 ||    55
         Bite              |       |       |       |       |    11 |    30 ||    41
   Cast: Sting             |    55 |    62 |    17 |     1 |       |       ||   135
         Ignite Poison     |       |     7 |    15 |       |       |       ||    22
         Spider Form       |       |     4 |    24 |    15 |     9 |       ||    52
         Airstrike         |       |       |     7 |   174 |   291 |    33 ||   505
         Freezing Cloud    |       |       |       |    31 |   113 |     3 ||   147
         Wereblood         |       |       |       |     1 |       |       ||     1
         Blade Hands       |       |       |       |       |     4 |       ||     4
         Lightning Bolt    |       |       |       |       |     3 |     8 ||    11
         Dragon Form       |       |       |       |       |     5 |    17 ||    22
         Silence           |       |       |       |       |       |     8 ||     8
 Invoke: Call Merchant     |       |       |       |     2 |     1 |     1 ||     4
         Potion Petition   |       |       |       |       |     4 |       ||     4
Ability: End Transformatio |       |       |       |     2 |       |       ||     2
  Evoke: Wand              |       |       |       |       |     3 |       ||     3
    Use: Potion            |       |       |     5 |     2 |     3 |     4 ||    14
         Scroll            |       |       |    11 |     7 |    21 |       ||    39
   Stab: Distracted        |       |       |     1 |     1 |     5 |     5 ||    12
         Invisible         |       |       |       |       |     3 |       ||     3
 Armour: Skin              |     2 |     4 |     7 |    35 |    88 |   131 ||   267
  Dodge: Dodged            |    15 |    17 |   124 |   211 |   318 |   105 ||   790
  Block: Other             |       |       |       |       |     1 |       ||     1

Table legend: (Time is in decaauts)
 A = Elapsed time spent in this place.
 B = Non-inter-level travel time spent in this place.
 C = Inter-level travel time spent in this place.
 D = Time resting spent in this place.
 E = Time spent auto-exploring this place.
 F = Levels seen in this place.
 G = Mean time per level.
                   A        B        C        D        E       F      G
               +--------+--------+--------+--------+--------+-----+--------+
         Total |  35576 |  34074 |   1502 |   2426 |  26893 |  26 | 1368.3 |
       Dungeon |  20645 |  19587 |   1058 |   1631 |  15487 |  15 | 1376.3 |
        Temple |     16 |      8 |      8 |      0 |      0 |   1 |   16.0 |
          Lair |   9525 |   9201 |    324 |    312 |   7744 |   5 | 1905.0 |
  Orcish Mines |   3071 |   2970 |    101 |    364 |   2155 |   2 | 1535.5 |
   Elven Halls |   1443 |   1434 |      9 |    108 |    947 |   2 |  721.5 |
      Ice Cave |    874 |    874 |      0 |     11 |    558 |   1 |  874.0 |
               +--------+--------+--------+--------+--------+-----+--------+

Top non-repeatable levels by time:
  Lair:5: 3113 daAuts
     D:9: 2034 daAuts
  Lair:3: 1978 daAuts
     D:6: 1974 daAuts
     D:8: 1944 daAuts
     D:1: 1600 daAuts
     D:7: 1575 daAuts
   Orc:1: 1566 daAuts
  Lair:4: 1545 daAuts
   Orc:2: 1505 daAuts
    D:10: 1494 daAuts
  Lair:1: 1446 daAuts
  Lair:2: 1441 daAuts
     D:5: 1318 daAuts
   Elf:1: 1267 daAuts
